Description

terran

VOD

https://youtu.be/ppdie-FfO3c

Replay - TvT_Battlecruiser

Build Order

Get SALT Encoding   

  12  0:01  SCV  
  13  0:13  SCV  
  14  0:17  Supply Depot  
  14  0:25  SCV  
  15  0:32  Refinery  
  15  0:41  Barracks  
  15  0:44  SCV  
  16  0:56  SCV  
  17  1:02  Refinery  
  17  1:08  SCV  
  18  1:20  SCV  
  19  1:31  Factory  
  19  1:33  Orbital Command  
  19  1:39  Supply Depot  
  19  1:59  SCV  
  20  2:11  SCV  
  21  2:16  Starport  
  21  2:23  SCV  
  23  2:44  Command Center  
  24  2:54  Fusion Core  
  24  2:55  Starport Tech Lab  
  27  3:35  Refinery  
  28  3:46  Weapon Refit, Supply Depot  
  29  3:56  Orbital Command, Battlecruiser  
  36  4:15  Orbital Command  
  37  4:25  Supply Depot  
  38  4:35  Armory  
  38  4:41  Starport  
  40  4:56  Refinery  
  40  4:58  Supply Depot  
  43  5:08  Battlecruiser  
  51  5:24  Command Center  
  51  5:25  Starport Tech Lab  
  52  5:52  Terran Vehicle And Ship Armor Level 1  
  53  5:59  Command Center  
  53  6:00  Battlecruiser  
  61  6:18  Battlecruiser  
  69  6:36  Orbital Command  
  72  6:55  Refinery  
  72  6:59  Starport  
  73  7:26  Battlecruiser x2  
  85  7:39  Orbital Command  
  85  7:46  Starport Tech Lab  
  85  7:47  Terran Vehicle And Ship Armor Level 2  
  85  7:53  Armory  
  85  7:55  Orbital Command  
  89  8:26  Refinery  
  90  8:31  Battlecruiser  
  99  8:56  Battlecruiser  
  99  8:58  Terran Ship Weapons Level 1  
  105  9:11  Command Center  
  105  9:26  Orbital Command  
  109  10:08  Terran Vehicle And Ship Armor Level 3  
  109  10:10  Battlecruiser x2  
  123  10:29  Refinery x2  
  130  10:56  Terran Ship Weapons Level 2  
  130  11:03  Engineering Bay  
  144  11:31  Planetary Fortress  
  150  11:55  Refinery  
  163  13:27  Refinery  
Spawning Tool Build Advisor. Get it on Overwolf

Go to:

Details

  • Created by: enofil
  • Published on: May 22, 2020
  • Modified on: May 22, 2020
  • Patch: 4.11.0
Show
View Real Time Build Order
Export as new Build Order

Comments (0)

There are no comments. Be the first!

Create an account to comment!